 Dungeon Crawl Stone Soup version 0.24-a0-335-g06ca16a (webtiles) character file.

Game seed: 8393174912433833699

614375 Ijustatesigmund the Imperceptible (level 27, -3/192 HPs)
             Began as an Octopode Fighter on May 15, 2019.
             Was the Champion of Cheibriados.
             Slain by a frost giant (shapeshifter) (13 damage)
             ... while petrified by you
             ... on level 8 of a ziggurat on May 18, 2019.
             The game lasted 04:47:55 (65880 turns).

Ijustatesigmund the Imperceptible (OpFi)           Turns: 65880, Time: 04:47:56

Health: -3/192     AC:  9    Str: 38    XL:     27
Magic:  40/45      EV:  2    Int: 26    God:    Cheibriados [******]
Gold:   6579       SH:  0    Dex: 48    Spells: 22/37 levels left

rFire    + + +     SeeInvis +   p - +8 demon whip (vamp)
rCold    + + .     Gourm    .   b - +12 large shield of Trog's Condemnation {rPois rF+ MR+}
rNeg     + + +     Faith    .   J - +2 hat
rPois    ∞         Spirit   .   Q - amulet of the Prince of Darkness {Reflect rF++ rC- Str+3 SH+3}
rElec    +         Reflect  +   q - ring of see invisible
rCorr    +         Harm     .   U - +2 ring of slaying
MR       ++++.                  x - ring of Fragile Peace {rElec rF+ rC++ rN+++ Int-2}
Stlth    ++++++++++             v - ring of Ecviq {rElec rPois MP+9 Dex+6 Stlth+}
HPRegen  0.42/turn              z - ring "Omamaazy" {Ice rElec MR+ Str+4}
MPRegen  0.29/turn              G - ring of resist corrosion
                                R - ring of Phasing {EV+8}
                                X - ring "Gammups" {AC+3 Dex+6 Slay-2}

@: petrified, studying Summonings, very slow
A: almost no armour, stealthy swim, amphibious, 8 rings, constrict 8, molten
scales 1, camouflage 1, sense surroundings 1, shaggy fur 1, gelatinous body 1
}: 3/15 runes: decaying, serpentine, silver
a: Bend Time, Temporal Distortion, Slouch, Step From Time, Renounce Religion


You were on level 8 of a ziggurat.
You worshipped Cheibriados.
Cheibriados was exalted by your worship.
You were not hungry.

You visited 10 branches of the dungeon, and saw 46 of its levels.
You visited the Abyss 2 times.
You visited 1 ziggurat, and saw 8 of its levels.
You also visited: Sewer, Ossuary, Ice Cave and Desolation.

You collected 8304 gold pieces.
You spent 1725 gold pieces at shops.

Inventory:

Hand Weapons
 p - a +8 vampiric demon whip (weapon)
 P - the cursed +14 obsidian axe {chop, +Fly SInv *Curse}
   (You found it in the Desolation of Salt)

   It inflicts extra damage upon your enemies.
   It lets you see invisible.
   It lets you fly.
   It curses itself when equipped.
   It has a curse placed upon it.
Missiles
 N - 13 silver javelins (quivered)
Armour
 b - the +12 large shield of Trog's Condemnation (worn) {rPois rF+ MR+}
   (You found it on level 6 of the Dungeon)

   It protects you from fire.
   It protects you from poison.
   It affects your resistance to hostile enchantments.
 J - a +2 hat (worn)
Jewellery
 a - an uncursed amulet of regeneration
 e - an uncursed ring of protection from cold
 g - an uncursed ring of protection from fire
 q - a ring of see invisible (left tentacle)
 v - the ring of Ecviq (on tentacle) {rElec rPois MP+9 Dex+6 Stlth+}
   (You took it off a deep elf death mage on level 3 of the Elven Halls)

   [ring of stealth]

   It affects your dexterity (+6).
   It insulates you from electricity.
   It protects you from poison.
   It affects your magic capacity (+9).
   It makes you more stealthy.
 x - the ring of Fragile Peace (on tentacle) {rElec rF+ rC++ rN+++ Int-2}
   (You took it off an imperial myrmidon in the Desolation of Salt)

   [ring of protection from fire]

   It affects your intelligence (-2).
   It protects you from fire.
   It greatly protects you from cold.
   It insulates you from electricity.
   It renders you almost immune to negative energy.
 z - the ring "Omamaazy" (on tentacle) {Ice rElec MR+ Str+4}
   (You took it off a deep elf annihilator on level 3 of the Elven Halls)

   [ring of ice]

   It enhances your ice magic.
   It affects your strength (+4).
   It makes you vulnerable to fire.
   It protects you from cold.
   It insulates you from electricity.
   It affects your resistance to hostile enchantments.
 B - an uncursed ring of wizardry
 G - a ring of resist corrosion (on tentacle)
 Q - the amulet of the Prince of Darkness (around mantle) {Reflect rF++ rC- Str+3 SH+3}
   (You took it off an imperial myrmidon in the Desolation of Salt)

   [amulet of reflection]

   It shields you and reflects attacks.
   It affects your strength (+3).
   It greatly protects you from fire.
   It makes you vulnerable to cold.
   It affects your SH (+3).
 R - the ring of Phasing (on tentacle) {EV+8}
   (You found it on level 6 of the Lair of Beasts)

   [ring of evasion]

   It affects your evasion (+8).
 U - a +2 ring of slaying (right tentacle)
 X - the ring "Gammups" (on tentacle) {AC+3 Dex+6 Slay-2}
   (You found it on level 2 of a ziggurat)

   [ring of protection]

   It affects your AC (+3).
   It affects your dexterity (+6).
   It affects your accuracy and damage with ranged weapons and melee attacks
   (-2).
Wands
 o - a wand of clouds (1)
 r - a wand of scattershot (3)
 s - a wand of digging (14)
 y - a wand of polymorph (43)
 A - a wand of acid (6)
 L - a wand of iceblast (24)
 W - a wand of flame (27)
Scrolls
 h - 12 scrolls of teleportation
 i - 28 scrolls of remove curse
 m - 3 scrolls of summoning
 u - 7 scrolls of immolation
 C - 3 scrolls of holy word
 D - 18 scrolls of identify
 E - 8 scrolls of magic mapping
 F - 8 scrolls of amnesia
 I - a scroll of fear
 M - 2 scrolls of blinking
 S - a scroll of silence
 V - 6 scrolls of fog
Potions
 c - 2 potions of might
 f - 13 potions of brilliance
 j - 6 potions of magic
 k - 7 potions of curing
 n - 12 potions of flight
 w - 3 potions of cancellation
 H - a potion of heal wounds
 O - 3 potions of ambrosia
 T - 2 potions of agility
 Z - 2 potions of mutation
Books
 Y - a manual of Summonings
Miscellaneous
 l - a phantom mirror
 t - a phial of floods
Comestibles
 d - 63 rations
 K - 3 chunks of flesh


   Skills:
 - Level 17.1 Fighting
 - Level 14.2(16.8) Axes
 - Level 15.4(17.4) Maces & Flails
 - Level 5.3 Throwing
 - Level 15.2 Dodging
 + Level 21.7 Stealth
 - Level 20.0 Shields
 - Level 5.5 Spellcasting
 - Level 3.3 Conjurations
 - Level 9.7 Charms
 - Level 8.1 Summonings
 - Level 9.5 Translocations
 - Level 6.8 Transmutations
 - Level 9.7 Ice Magic
 - Level 19.9 Invocations
 - Level 8.8 Evocations


You had 22 spell levels left.
You knew the following spells:

 Your Spells              Type           Power        Failure   Level  Hunger
a - Magic Dart            Conj           ###.         3%          1    None
b - Blink                 Tloc           N/A          1%          2    None
c - Ozocubu's Armour      Chrm/Ice       ######..     1%          3    #......
d - Apportation           Tloc           ######       1%          1    None
e - Lesser Beckoning      Tloc           ######....   1%          3    #......
f - Spider Form           Tmut/Pois      ####......   11%         3    #......
g - Song of Slaying       Chrm           ######..     1%          2    None

Your spell library contained the following spells:

 Spells                   Type           Power        Failure   Level  Hunger
 Beastly Appendage        Tmut           #####.       1%          1    None
 Freeze                   Ice            ####         1%          1    None
 Infusion                 Chrm           ####         1%          1    None
 Summon Small Mammal      Summ           ####         1%          1    None
 Call Imp                 Summ           #####...     1%          2    None
 Shroud of Golubria       Chrm/Tloc      ######....   1%          2    None
 Sticks to Snakes         Tmut           #####...     1%          2    None
 Throw Frost              Conj/Ice       ######       1%          2    None
 Call Canine Familiar     Summ           #####...     1%          3    #......
 Gell's Gravitas          Tloc           ######....   1%          3    #......
 Recall                   Summ/Tloc      N/A          1%          3    #......
 Teleport Other           Tloc           ######..     1%          3    #......
 Ensorcelled Hibernation  Hex/Ice        #####.       2%          2    None
 Swiftness                Chrm/Air       ####....     2%          2    None
 Passage of Golubria      Tloc           N/A          2%          4    ###....
 Summon Ice Beast         Ice/Summ       ######..     3%          4    ###....
 Ice Form                 Ice/Tmut       ######..     4%          4    ###....
 Passwall                 Tmut/Erth      ####....     5%          2    None
 Searing Ray              Conj           ###...       5%          2    None
 Regeneration             Chrm/Necr      ####......   5%          3    #......
 Spectral Weapon          Hex/Chrm       ####....     5%          3    #......
 Shock                    Conj/Air       ###.         7%          1    None
 Sting                    Conj/Pois      ###.         7%          1    None
 Summon Guardian Golem    Hex/Summ       ####....     8%          3    #......
 Force Lance              Conj/Tloc      #####...     10%         4    ###....
 Throw Icicle             Conj/Ice       ######..     10%         4    ###....
 Summon Forest            Summ/Tloc      ######....   11%         5    #####..
 Confusing Touch          Hex            #.....       14%         1    None
 Sandblast                Erth           #.....       14%         1    None
 Aura of Abjuration       Summ           #####.....   14%         5    #####..
 Summon Demon             Summ           #####.....   14%         5    #####..
 Ignite Poison            Fire/Tmut/Pois ###.....     16%         3    #......
 Corpse Rot               Necr           N/A          22%         2    None
 Slow                     Hex            #.......     22%         2    None
 Sublimation of Blood     Necr           #.........   22%         2    None
 Conjure Flame            Conj/Fire      ###.....     22%         3    #......
 Dazzling Spray           Conj/Hex       ###...       22%         3    #......
 Static Discharge         Conj/Air       ###.....     22%         3    #......
 Stone Arrow              Conj/Erth      ###...       22%         3    #......
 Blade Hands              Tmut           #####.....   22%         5    #####..
 Mephitic Cloud           Conj/Pois/Air  ##......     26%         3    #......
 Summon Lightning Spire   Summ/Air       ####....     26%         4    ###....
 Iskenderun's Battlesphe  Conj/Chrm      #####...     26%         5    #####..
 Iskenderun's Mystic Bla  Conj           ###.....     34%         4    ###....
 Petrify                  Tmut/Erth      ####....     34%         4    ###....
 Confuse                  Hex            #.......     38%         3    #......
 Irradiate                Conj/Tmut      ####......   43%         5    #####..
 Metabolic Englaciation   Hex/Ice        #####.....   45%         5    #####..
 Fulminant Prism          Conj/Hex       ###.......   56%         4    ###....
 Sticky Flame             Conj/Fire      ###.....     56%         4    ###....
 Summon Mana Viper        Hex/Summ       ####....     58%         5    #####..
 Shadow Creatures         Summ           N/A          58%         6    ######.
 Alistair's Intoxication  Tmut/Pois      ####....     67%         5    #####..
 Yara's Violent Unravell  Hex/Tmut       ####......   67%         5    #####..
 Hydra Form               Tmut           #####.....   77%         6    ######.
 Airstrike                Air            #.........   80%         4    ###....
 Cause Fear               Hex            #.........   80%         4    ###....
 Leda's Liquefaction      Hex/Erth       #.........   80%         4    ###....
 Fireball                 Conj/Fire      ###.......   89%         5    #####..
 Lightning Bolt           Conj/Air       ###.......   89%         5    #####..
 Venom Bolt               Conj/Pois      ###.......   89%         5    #####..
 Bolt of Magma            Conj/Fire/Erth ##........   94%         5    #####..
 Deflect Missiles         Chrm/Air       ####......   96%         6    ######.
 Simulacrum               Ice/Necr       #####.....   96%         6    ######.
 Malign Gateway           Summ/Tloc      ######....   97%         7    #######
 Borgnjor's Vile Clutch   Necr/Erth      #.........   98%         5    #####..
 Lee's Rapid Deconstruct  Erth           #.........   98%         5    #####..
 Silence                  Hex/Air        #.........   98%         5    #####..
 Freezing Cloud           Conj/Ice/Air   #####.....   98%         6    ######.
 Statue Form              Tmut/Erth      ####.....    99%         6    ######.
 Summon Hydra             Summ           #####.....   99%         7    #######
 Bolt of Fire             Conj/Fire      ###.......   100%        6    ######.
 Conjure Ball Lightning   Conj/Air       ###.......   100%        6    ######.
 Darkness                 Hex            #.........   100%        6    ######.
 Invisibility             Hex            #.......     100%        6    ######.
 Iron Shot                Conj/Erth      ###.......   100%        6    ######.
 Orb of Destruction       Conj           ###.......   100%        7    #######
 Ring of Flames           Chrm/Fire      ####......   100%        7    #######
 Spellforged Servitor     Conj/Summ      #####.....   100%        7    #######
 Discord                  Hex            #.........   100%        8    #######
 Disjunction              Tloc           ######....   100%        8    #######
 Ignition                 Fire           #.........   100%        8    #######
 Dragon's Call            Summ           #####.....   100%        9    #######
 Shatter                  Erth           #.........   100%        9    #######
 Tornado                  Air            #.........   100%        9    #######


Dungeon Overview and Level Annotations

Branches:
Dungeon (15/15)            Temple (1/1) D:5            Lair (6/6) D:10
  Swamp (4/4) Lair:2        Snake (4/4) Lair:2        Slime (0/5) Lair:5
    Orc (2/2) D:11            Elf (3/3) Orc:2        Vaults (5/5) D:13
  Crypt (3/3) Vaults:3       Tomb (0/3) Crypt:3      Depths (3/5) D:15

Altars:
Ashenzari
Cheibriados
Dithmenos
Elyvilon
Fedhas
Gozag
Hepliaklqana
Kikubaaqudgha
Makhleb
Nemelex Xobeh
Okawaru
Qazlal
Ru
Sif Muna
Trog
Uskayaw
Vehumet
Wu Jian
Xom
Yredelemnul
Zin
The Shining One
Beogh

Shops:
Orc:2 ?}[}   Elf:2 (   Elf:3 (   Depths:1 (

Portals:
Hell: Depths:1 Depths:2
Abyss: Depths:1 Depths:2
Trove: D:15 (give 7 potions of agility)

Annotations:
D:4 1 runed translucent door
D:5 1 runed translucent door, Noname's ghost, novice DsTm
Lair:1 3 runed translucent doors, Caxzued's ghost, journeyman OpTm
Elf:2 1 runed translucent door


Innate Abilities, Weirdness & Mutations

You cannot wear most types of armour.
You are very stealthy in the water. (Stealth+)
You are amphibious.
You can wear up to eight rings at the same time.
You can use your tentacles to constrict eight enemies at once.
Your skin changes colour to match your surroundings (Stealth+).
Your rubbery body absorbs attacks. (AC +1, EV +1)
You are partially covered in molten scales. (AC +2)
You passively map a small area around you.
You are covered in fur. (AC +1)


Message History

The chaos spawn gores you but does no damage.
The catoblepas gores you!!
* * * LOW HITPOINT WARNING * * *
You are engulfed in calcifying dust.
The red ugly thing tentacle-slaps you.
* * * LOW HITPOINT WARNING * * *
You are engulfed in flames.
You resist.
* * * LOW HITPOINT WARNING * * *
The frost giant hits you!!
* * * LOW HITPOINT WARNING * * *
The catoblepas gores you but does no damage.
The chaos spawn gores you.
* * * LOW HITPOINT WARNING * * *
Space bends around you.
* * * LOW HITPOINT WARNING * * *
The Killer Klown blinks!
The red ugly thing tentacle-slaps you!
* * * LOW HITPOINT WARNING * * *
You are engulfed in flames.
You resist.
* * * LOW HITPOINT WARNING * * *
The frost giant hits you!!
You die...

▓▓▓▓▓▓▓▓▓▓
.......†p▓
......uY.▓▓▓▓▓
......4@.h...▓
,
......C......▓
.......§.....▓
∩
.............▓
*
...§........∩▓
.............▓
.............▓
.............▓
, ...........▓


You could see a Killer Klown, a frost giant, a catoblepas, a red ugly thing, a
raiju and a chaos spawn.

Vanquished Creatures
  4 ancient liches
  Mara (Crypt:1)
  Sojobo (Crypt:3)
  Boris (Crypt:3)
  Xtahua (Vaults:2)
  Vashnia (Snake:2)
  3 caustic shrikes (Depths:2)
  A Killer Klown (Zig:8)
  Nikola (Swamp:2)
  A golden dragon (Depths:2)
  A bone dragon (Crypt:3)
  A shard shrike zombie (Crypt:1)
  Rupert (Lair:6)
  4 tentacled monstrosities
  Jorgrun (Elf:1)
  4 liches
  2 deep elf blademasters (Elf:3)
  4 titans
  4 deep elf master archers (Elf:3)
  A sphinx (Depths:2)
  A quicksilver dragon (Depths:2)
  Frances (D:13)
  Gastronok (Lair:2)
  4 thorn hunters
  8 tengu reavers
  2 revenants
  2 ancient champions
  Kirke (Lair:4)
  3 storm dragons
  11 nagarajas
  A balrug (Depths:2)
  2 fire giants
  9 vault wardens
  4 shadow dragons
  A draconian knight (Zig:4)
  A juggernaut zombie (Crypt:1)
  2 ghost moths (shapeshifter)
  4 frost giants
  Aizul (Snake:1)
  2 imperial myrmidons (Desolation)
  2 iron dragons
  9 deep elf sorcerers
  3 orc warlords
  5 deep elf elementalists
  11 ghouls
  A cacodemon (Abyss:3)
  9 war gargoyles
  A reaper (Depths:2)
  20 ironheart preservers
  18 stone giants
  A draconian stormcaller (Zig:4)
  2 spriggan defenders (Depths:3)
  An entropy weaver (Vaults:4)
  3 very ugly things
  Nessos (D:14)
  18 deep elf annihilators
  2 vampire knights (Crypt:3)
  7 large abominations
  7 deep elf demonologists
  2 dire elephants (Lair:6)
  2 halazid warlocks (Desolation)
  A green draconian (Zig:4)
  A red draconian (Zig:4)
  The ghost of Aske the Fighter, a journeyman MiBe of Trog (D:13)
  2 lorocyprocas (Depths:1)
  Snorg (D:13)
  2 spark wasps (Depths:2)
  5 crystal guardians
  8 deep elf death magi
  8 ettins
  A blizzard demon (Depths:2)
  4 eidola
  Josephine (Lair:4)
  13 yaktaur captains
  8 jiangshi
  4 fire dragons
  13 deep elf high priests
  9 ragged hierophants (Desolation)
  A great orb of eyes (Depths:1)
  Erolcha (D:10)
  6 servants of whispers (Desolation)
  4 ice dragons
  A great orb of eyes (shapeshifter) (Vaults:4)
  17 hydras
  4 peacekeepers (Desolation)
  25 naga warriors
  3 rakshasas
  31 vault guards
  3 spriggan air magi
  A hell beast (Depths:1)
  A ghost crab (Swamp:1)
  10 centaur warriors
  12 alligators
  4 shambling mangroves
  30 dancing weapons
  3 catoblepae
  13 death yaks
  Erica (D:8)
  31 two-headed ogres
  3 starcursed masses (Abyss:3)
  15 anacondas
  A satyr (Zig:7)
  A titan zombie (Depths:3)
  5 vampire magi
  11 deep troll earth magi
  13 ogre magi
  12 deep troll shamans
  An orc high priest (Zig:5)
  18 hell knights
  9 shock serpents
  Nergalle (D:11)
  18 tengu warriors
  A hell hog (Abyss:3)
  5 soul eaters
  15 naga sharpshooters
  8 spriggan berserkers
  3 storm dragon zombies
  3 sun demons
  A titan skeleton (Crypt:1)
  Urug (Lair:2)
  Sonja (D:12)
  5 small abominations
  13 deep elf knights
  2 salamander mystics (Snake:3)
  3 wretched stars
  7 iron trolls
  A fire crab (shapeshifter) (Vaults:2)
  17 skeletal warriors
  A fire crab (D:13)
  2 flayed ghosts
  An anaconda zombie (Crypt:3)
  2 spriggan druids (Swamp:4)
  2 glowing orange brains (Depths:2)
  43 deep trolls
  2 quicksilver dragon simulacra (Depths:2)
  4 phantasmal warriors
  7 unseen horrors
  5 wizards
  8 swamp dragons
  12 naga ritualists
  A golden dragon skeleton (Crypt:1)
  An obsidian statue (Depths:1)
  Pikel (D:8)
  13 deep elf archers
  5 lindwurms
  A shadow demon (Depths:1)
  A mana viper (shapeshifter) (Zig:8)
  5 harpies (Vaults:4)
  A harpy (shapeshifter) (Depths:3)
  An anaconda skeleton (Crypt:1)
  3 frost giant zombies
  13 necromancers
  An orb spider (shapeshifter) (Vaults:1)
  15 mana vipers
  16 ironbrand convokers
  3 orb spiders (Zig:6)
  16 orc sorcerers
  4 wolf spiders
  A wolf spider zombie (Crypt:3)
  53 deep elf magi
  16 salamanders
  A sphinx skeleton (Depths:3)
  4 manticores
  10 cyclopes
  11 orc knights
  A salamander (shapeshifter) (Vaults:2)
  A stone giant zombie (Zig:3)
  A faun (Zig:7)
  39 ugly things
  A shadow dragon skeleton (Crypt:1)
  An iron dragon skeleton (Crypt:3)
  35 black mambas
  2 apocalypse crabs
  2 elephants (Lair:6)
  15 guardian serpents
  A fire giant skeleton (Crypt:3)
  8 rust devils
  Psyche (D:8)
  28 spiny frogs
  A water nymph (Vaults:3)
  10 vault sentinels
  27 naga magi
  A molten gargoyle (Desolation)
  2 ice statues
  2 orange demons (Depths:1)
  2 gargoyles
  2 hellions (Zig:3)
  2 efreet
  2 demonic crawlers (Zig:6)
  2 ice devils (Depths:1)
  2 kobold demonologists
  9 rime drakes
  2 ancient zymes (Abyss:3)
  12 freezing wraiths
  A tormentor (Zig:8)
  45 yaktaurs
  3 guardian mummies (Crypt:1)
  9 komodo dragons
  A troll (shapeshifter) (Vaults:1)
  2 jumping spiders (Zig:6)
  10 trolls
  A hydra zombie (Crypt:1)
  A minotaur skeleton (Crypt:2)
  6 red devils
  4 tengu conjurers
  A moth of wrath zombie (Crypt:2)
  A wandering mushroom (D:12)
  16 polar bears
  20 hornets
  A hornet (shapeshifter) (Elf:1)
  57 saltlings
  7 tyrant leeches
  A wolf spider simulacrum (Crypt:1)
  29 slime creatures
  13 blink frogs
  A shadow dragon simulacrum (Depths:3)
  An ice dragon zombie (Crypt:1)
  A hippogriff (shapeshifter) (Vaults:1)
  12 dream sheep
  9 bog bodies
  12 hippogriffs
  A meliai zombie (Crypt:2)
  An ettin zombie (Crypt:3)
  8 shadows
  3 air elementals
  3 redbacks (Vaults:4)
  The ghost of Lanoc the Skirmisher, an amateur TrWn (D:4)
  37 flying skulls
  A centaur simulacrum (D:15)
  An ice dragon skeleton (Zig:3)
  2 vampires
  A spriggan (shapeshifter) (Vaults:4)
  A hog (Lair:4)
  14 wraiths
  7 spriggans
  A wyvern (Lair:6)
  2 water elementals
  56 yaks
  3 basilisks
  A golden eye (shapeshifter) (Vaults:2)
  2 fire elementals
  A black mamba skeleton (Crypt:3)
  A chaos spawn (Abyss:3)
  15 vampire mosquitoes
  6 hungry ghosts
  6 wargs
  2 neqoxecs (Abyss:3)
  19 swamp worms
  6 insubstantial wisps (Swamp:4)
  A soldier ant (D:13)
  2 spiny frog zombies (Crypt:3)
  A torturous demonspawn zombie (Crypt:2)
  An acid dragon (Vaults:1)
  51 nagas
  20 water moccasins
  2 soldier ants (shapeshifter)
  A two-headed ogre zombie (Crypt:1)
  10 porcupines
  3 hell hounds (Depths:2)
  A water nymph zombie (Crypt:2)
  13 swamp drakes
  A black bear (Lair:5)
  35 orc warriors
  2 spiny frog skeletons
  A torturous demonspawn skeleton (Crypt:3)
  43 ogres
  4 ice beasts
  5 sky beasts
  A hornet zombie (D:14)
  4 necrophages
  4 ettin simulacra
  An ice dragon simulacrum (Crypt:1)
  3 phantoms
  22 wolves
  5 boggarts (Vaults:3)
  12 centaurs
  7 big kobolds
  16 crocodiles
  A swamp dragon skeleton (Crypt:3)
  26 bullfrogs
  3 earth elementals
  4 scorpions
  A water moccasin skeleton (D:9)
  2 wights (Ossuary)
  13 killer bees
  5 howler monkeys
  3 centaur zombies
  An electric eel (Orc:1)
  8 crimson imps
  10 jellies
  3 bullfrog zombies
  A demonspawn zombie (Crypt:2)
  A quasit (D:9)
  A human zombie (Crypt:1)
  10 hounds
  3 bullfrog skeletons
  11 centaur skeletons
  18 orc priests
  A demonspawn skeleton (Crypt:2)
  2 iron imps (Depths:1)
  A black bear skeleton (Crypt:1)
  Ijyb (D:5)
  5 human skeletons (Crypt:1)
  2 iguanas (D:11)
  40 orc wizards
  9 worker ants
  14 hell rats
  A killer bee zombie (Crypt:1)
  2 hound skeletons
  2 mummies
  3 gnolls (D:9)
  19 adders
  2 river rats
  6 shadow imps
  4 white imps (Depths:1)
  An ufetubus (Abyss:3)
  4 oozes
  An adder zombie (D:5)
  6 worms
  2 adder skeletons
  A worm (shapeshifter) (Vaults:5)
  5 dart slugs
  7 leopard geckos
  109 orcs
  7 giant cockroaches
  11 goblins
  8 hobgoblins
  13 jackals
  31 kobolds
  3 quokkas
  10 ball pythons
  A ball python skeleton (Ossuary)
  12 bats
  5 frilled lizards
  A frilled lizard skeleton (Crypt:1)
  A giant cockroach zombie (D:5)
  A goblin zombie (D:4)
  4 hobgoblin skeletons (Ossuary)
  2 hobgoblin zombies (Ossuary)
  An orc skeleton (Ossuary)
  2 orc zombies
  9 rats
  4 briar patches
  2 crawling corpses
  2 fungi (D:10)
  A plant (Lair:2)
  2 withered plants (D:8)
2449 creatures vanquished.

Vanquished Creatures (collateral kills)
  A servant of whispers (Desolation)
  A saltling (Desolation)
  A hippogriff (Lair:1)
3 creatures vanquished.

Vanquished Creatures (others)
  2 deep elf master archers (Zig:7)
  A tengu reaver (Crypt:3)
  A fire giant (Depths:2)
  An emperor scorpion (Zig:6)
  An alligator (Swamp:2)
  2 fauns (Zig:7)
  A naga mage (Snake:4)
  5 yaktaurs
  A hornet (Swamp:2)
  3 polar bears (IceCv)
  A redback (Zig:6)
  A spriggan (Swamp:2)
  A human (Lair:4)
  An orc warrior (Zig:5)
  An ettin simulacrum (Depths:2)
  An ogre (Vaults:3)
  7 wolves (IceCv)
  3 small abominations (Abyss:3)
  A quasit (Abyss:3)
  An orc (Orc:2)
  A briar patch (Swamp:3)
  5 bushes (Lair:6)
  43 fungi
  20 plants
105 creatures vanquished.

Grand Total: 2557 creatures vanquished

Notes
Turn   | Place    | Note
-------+----------+-------------------------------------------
     0 | D:1      | Ijustatesigmund the Octopode Fighter began the quest for
                  | the Orb.
     0 | D:1      | Reached XP level 1. HP: 16/16 MP: 1/1
   232 | D:1      | Reached XP level 2. HP: 12/21 MP: 2/2
   554 | D:1      | Reached XP level 3. HP: 26/26 MP: 3/3
  1221 | D:2      | Found a faded altar of an unknown god.
  1872 | D:3      | Reached XP level 4. HP: 24/32 MP: 4/4
  2605 | D:3      | Reached XP level 5. HP: 37/37 MP: 5/5
  2906 | D:4      | Noticed an ogre
  2914 | D:4      | Killed an ogre
  2914 | D:4      | Reached skill level 1 in Stealth
  2961 | D:4      | Reached XP level 6. HP: 4/43 MP: 6/6
  3102 | D:4      | Found a runed translucent door.
  3104 | D:4      | Noticed Lanoc's ghost (amateur TrWn)
  3114 | D:4      | Reached skill level 2 in Stealth
  3147 | D:4      | Found a sand-covered staircase.
  3153 | Ossuary  | Entered an ossuary
  3241 | Ossuary  | Noticed a flying skull
  3241 | Ossuary  | Noticed a wraith
  3248 | Ossuary  | Noticed a flying skull
  3273 | Ossuary  | Noticed a flying skull
  3275 | Ossuary  | Noticed a flying skull
  3295 | Ossuary  | Noticed a flying skull
  3320 | Ossuary  | Noticed a wraith
  3331 | Ossuary  | Killed a wraith
  3331 | Ossuary  | Reached skill level 5 in Maces & Flails
  3331 | Ossuary  | Reached skill level 3 in Stealth
  3331 | Ossuary  | Reached XP level 7. HP: 37/49 MP: 7/7
  3343 | Ossuary  | Noticed a wraith
  3346 | Ossuary  | Killed a wraith
  3472 | D:4      | Reached skill level 4 in Stealth
  3482 | D:4      | Reached skill level 5 in Fighting
  3496 | D:4      | Found a glowing drain.
  3500 | Sewer    | Entered a sewer
  3726 | Sewer    | Reached XP level 8. HP: 45/55 MP: 8/8
  4042 | D:4      | Killed Lanoc's ghost
  4042 | D:4      | Reached skill level 5 in Dodging
  4042 | D:4      | Reached skill level 5 in Shields
  4062 | D:4      | Found a runed translucent door.
  4243 | D:4      | Found an iron altar of Okawaru.
  4358 | D:4      | Found a stormy altar of Qazlal.
  4940 | D:5      | Entered Level 5 of the Dungeon
  5037 | D:5      | Found a blossoming altar of Fedhas.
  5065 | D:5      | Found a staircase to the Ecumenical Temple.
  5072 | Temple   | Entered the Ecumenical Temple
  5304 | D:5      | Noticed Ijyb
  5309 | D:5      | Paralysed by Ijyb for 7 turns
  5319 | D:5      | Killed Ijyb
  5330 | D:5      | Found a runed translucent door.
  5330 | D:5      | Noticed Noname's ghost (novice DsTm)
  6097 | D:6      | Found a glowing golden altar of the Shining One.
  6236 | D:6      | Reached XP level 9. HP: 49/62 MP: 9/9
  6720 | D:6      | Reached skill level 1 in Evocations
  6838 | D:6      | Got a spiked large shield
  6844 | D:6      | Identified the +12 large shield of Trog's Condemnation
                  | {rPois rF+ MR+} (You found it on level 6 of the Dungeon)
  7988 | D:7      | Found a shattered altar of Ashenzari.
  7988 | D:7      | Found a faded altar of an unknown god.
  7993 | D:7      | Found a glowing silver altar of Zin.
  7995 | D:7      | Found a hazy altar of Hepliaklqana.
  7996 | D:7      | Found a faded altar of an unknown god.
  7997 | D:7      | Reached XP level 10. HP: 69/69 MP: 10/10
  8061 | D:7      | You fall through a shaft for 2 floors!
  8175 | D:8      | Found an ancient bone altar of Kikubaaqudgha.
  8175 | D:8      | Noticed a two-headed ogre
  8187 | D:8      | Found a glowing golden altar of the Shining One.
  8231 | D:8      | Killed a two-headed ogre
  8231 | D:8      | Reached skill level 10 in Shields
  8252 | D:8      | Found a snail-covered altar of Cheibriados.
  8267 | D:8      | Became a worshipper of Cheibriados the Contemplative
  8382 | D:8      | Noticed Pikel
  8386 | D:8      | Killed Pikel
  8386 | D:8      | Reached skill level 1 in Invocations
  8432 | D:8      | Noticed Erica
  8437 | D:8      | Killed Erica
  9038 | D:8      | Noticed Psyche
  9044 | D:8      | Killed Psyche
  9183 | D:8      | Found an opulent altar of Gozag.
  9827 | D:9      | Reached XP level 11. HP: 46/75 MP: 14/14
 10091 | D:9      | Reached * piety under Cheibriados
 10108 | D:9      | Reached skill level 5 in Invocations
 10614 | D:9      | Reached ** piety under Cheibriados
 10726 | D:10     | Entered Level 10 of the Dungeon
 11277 | D:10     | Learned a level 1 spell: Confusing Touch
 11280 | D:10     | Learned a level 2 spell: Blink
 11330 | D:10     | Found a staircase to the Lair.
 11804 | D:10     | Reached skill level 1 in Translocations
 12127 | D:10     | Reached *** piety under Cheibriados
 12200 | D:10     | Noticed Erolcha
 12231 | D:10     | Killed Erolcha
 12532 | D:11     | Noticed Nergalle
 12819 | D:11     | Found a sparkling altar of Nemelex Xobeh.
 12838 | D:11     | Noticed a six-headed hydra
 12847 | D:11     | Killed a six-headed hydra
 12847 | D:11     | Reached XP level 12. HP: 68/83 MP: 16/16
 12928 | D:11     | Reached **** piety under Cheibriados
 13257 | D:11     | Killed Nergalle
 13394 | D:11     | Found a staircase to the Orcish Mines.
 13398 | D:11     | Reached ***** piety under Cheibriados
 13589 | D:11     | Reached skill level 10 in Maces & Flails
 14333 | D:11     | Learned a level 1 spell: Magic Dart
 14631 | D:12     | Noticed a shambling mangrove
 14631 | D:12     | an oklob plant changed into a shambling mangrove
 14645 | D:12     | Killed a shambling mangrove
 15159 | D:12     | Identified the Guide on Venom and Moulding
 15236 | D:12     | Noticed Sonja
 15242 | D:12     | Killed Sonja
 15484 | D:12     | Reached skill level 5 in Translocations
 15639 | D:12     | Reached XP level 13. HP: 90/90 MP: 19/19
 16249 | Lair:1   | Entered Level 1 of the Lair of Beasts
 16496 | Lair:1   | Found a runed translucent gate.
 16496 | Lair:1   | Found a runed translucent gate.
 16497 | Lair:1   | Found a runed translucent gate.
 16503 | Lair:1   | Noticed Caxzued's ghost (journeyman OpTm)
 16734 | Lair:1   | Reached skill level 10 in Fighting
 17214 | Lair:2   | Noticed Gastronok
 17231 | Lair:2   | Killed Gastronok
 17231 | Lair:2   | Reached skill level 5 in Stealth
 17280 | Lair:2   | Reached skill level 6 in Stealth
 17315 | Lair:2   | Reached ****** piety under Cheibriados
 17408 | Lair:2   | Found a staircase to the Snake Pit.
 17418 | Lair:2   | Noticed Urug
 17427 | Lair:2   | Killed Urug
 17427 | Lair:2   | Reached skill level 7 in Stealth
 17819 | Lair:2   | Found a staircase to the Swamp.
 17987 | Lair:3   | Reached skill level 8 in Stealth
 18451 | Lair:3   | Reached skill level 9 in Stealth
 18882 | Lair:4   | Noticed Josephine
 18888 | Lair:4   | Killed Josephine
 18888 | Lair:4   | Reached XP level 14. HP: 58/99 MP: 21/21
 19046 | Lair:4   | Noticed Kirke
 19057 | Lair:4   | Killed Kirke
 19946 | Lair:5   | Found a staircase to the Slime Pits.
 19958 | Lair:5   | Reached skill level 10 in Invocations
 20401 | Lair:6   | Entered Level 6 of the Lair of Beasts
 20815 | Lair:6   | Noticed Rupert
 21167 | Orc:1    | Entered Level 1 of the Orcish Mines
 21939 | Orc:1    | Noticed an orc warlord
 21956 | Orc:1    | Killed an orc warlord
 22060 | Orc:2    | Entered Level 2 of the Orcish Mines
 22075 | Orc:2    | Found a staircase to the Elven Halls.
 22216 | Orc:2    | Found a roughly hewn altar of Beogh.
 22734 | Orc:2    | Found Numuineu's Magic Scroll Shoppe.
 22754 | Orc:2    | Found an ancient bone altar of Kikubaaqudgha.
 22755 | Orc:2    | Paralysed by an orc sorcerer for 3 turns
 22767 | Orc:2    | Found Guacsir's Antique Armour Emporium.
 23001 | Orc:2    | Found a radiant altar of Vehumet.
 23005 | Orc:2    | Reached XP level 15. HP: 103/103 MP: 23/23
 23059 | Orc:2    | Found a roughly hewn altar of Beogh.
 23061 | Orc:2    | Found Zojykkah's Gadget Emporium.
 23079 | Orc:2    | Gained mutation: Scrolls take you a little longer to read.
                  | [a neqoxec]
 23225 | Orc:2    | Found Xishro Bojad's Gadget Shoppe.
 23254 | Orc:2    | Upgraded the game from 0.24-a0-312-g16217b4 to
                  | 0.24-a0-317-g5cb8de4
 23477 | Orc:2    | Bought a scroll of identify for 32 gold pieces
 23477 | Orc:2    | Bought a scroll of identify for 32 gold pieces
 23477 | Orc:2    | Bought a scroll of teleportation for 48 gold pieces
 23477 | Orc:2    | Bought a scroll of identify for 32 gold pieces
 23477 | Orc:2    | Bought a scroll of teleportation for 48 gold pieces
 23477 | Orc:2    | Bought a scroll of blinking for 120 gold pieces
 23507 | Orc:2    | Bought a wand of acid (8) for 336 gold pieces
 23507 | Orc:2    | Bought a wand of scattershot (4) for 336 gold pieces
 23516 | Orc:2    | Bought a wand of acid (11) for 390 gold pieces
 23516 | Orc:2    | Bought a wand of clouds (5) for 351 gold pieces
 24646 | Lair:6   | Found the ring of Phasing {EV+8}
 25175 | Lair:6   | Killed Rupert
 26267 | Swamp:1  | Entered Level 1 of the Swamp
 26331 | Swamp:1  | Reached skill level 5 in Evocations
 26510 | Swamp:1  | Found a sacrificial altar of Ru.
 27922 | D:13     | Noticed Frances
 27938 | D:13     | Killed Frances
 27963 | D:13     | Noticed Snorg
 27974 | D:13     | Killed Snorg
 27974 | D:13     | Reached XP level 16. HP: 86/113 MP: 25/25
 28405 | D:13     | Found a gate to the Vaults.
 28672 | D:13     | Found a runed translucent gate.
 28673 | D:13     | Found a runed translucent gate.
 28674 | D:13     | Found a runed translucent gate.
 28676 | D:13     | Noticed Aske's ghost (journeyman MiBe)
 28757 | D:13     | Killed Aske's ghost
 28777 | D:13     | Got a steaming longbow
 28782 | D:13     | Identified the +5 longbow "Botruq" {freeze, rC+} (You found
                  | it on level 13 of the Dungeon)
 28784 | D:13     | Lost mutation: Scrolls take you a little longer to read.
                  | [potion of mutation]
 28784 | D:13     | Gained mutation: You are covered in fur. (AC +1) [potion of
                  | mutation]
 28784 | D:13     | Gained mutation: Your body sometimes deteriorates upon
                  | taking damage. [potion of mutation]
 28784 | D:13     | Gained mutation: You are partially covered in molten
                  | scales. (AC +2) [potion of mutation]
 28861 | D:14     | Found a frozen archway.
 28872 | IceCv    | Entered an ice cave
 29740 | IceCv    | Identified Citoich's Volume of Snow
 30515 | D:14     | Noticed Nessos
 30527 | D:14     | Killed Nessos
 30954 | D:15     | Entered Level 15 of the Dungeon
 31205 | D:15     | Learned a level 3 spell: Ozocubu's Armour
 31283 | D:15     | Reached skill level 1 in Charms
 31283 | D:15     | Reached skill level 1 in Ice Magic
 31571 | D:15     | Found a staircase to the Depths.
 31752 | D:15     | Found a portal to a secret trove of treasure.
 32073 | Snake:1  | Entered Level 1 of the Snake Pit
 32259 | Snake:1  | Noticed Aizul
 32280 | Snake:1  | Killed Aizul
 32280 | Snake:1  | Reached XP level 17. HP: 77/121 MP: 19/26
 32715 | Snake:1  | Got an ivory whip
 32716 | Snake:1  | Identified the +11 whip of Myfie {freeze, Str+7} (You found
                  | it on level 1 of the Snake Pit)
 33179 | Snake:1  | Reached skill level 5 in Charms
 33179 | Snake:1  | Reached skill level 5 in Ice Magic
 34976 | Snake:2  | Noticed Vashnia
 35436 | Swamp:2  | Noticed Nikola
 35452 | Swamp:2  | Killed Nikola
 36857 | Swamp:3  | Reached skill level 10 in Stealth
 37329 | Swamp:4  | Entered Level 4 of the Swamp
 37337 | Swamp:4  | Reached XP level 18. HP: 127/127 MP: 22/27
 37361 | Swamp:4  | Reached skill level 10 in Dodging
 37361 | Swamp:4  | Reached skill level 1 in Conjurations
 37939 | Swamp:4  | Reached skill level 11 in Stealth
 38241 | Swamp:4  | Got a decaying rune of Zot
 38931 | Snake:2  | Killed Vashnia
 39035 | Snake:2  | Found a shattered altar of Ashenzari.
 39434 | Snake:3  | Reached skill level 12 in Stealth
 39947 | Snake:3  | Identified a scroll of acquirement
 40462 | Snake:4  | Entered Level 4 of the Snake Pit
 40538 | Snake:4  | Reached XP level 19. HP: 83/135 MP: 21/29
 40797 | Snake:4  | Reached skill level 13 in Stealth
 41102 | Snake:4  | Found a sparkling altar of Nemelex Xobeh.
 41644 | Snake:4  | Identified the +10 hand axe of Truncation {chop, Dex+3}
                  | (You found it on level 4 of the Snake Pit)
 42236 | Snake:3  | Reached skill level 15 in Invocations
 43001 | Snake:4  | Got a serpentine rune of Zot
 43308 | Vaults:1 | Entered Level 1 of the Vaults
 43554 | Vaults:1 | Reached XP level 20. HP: 114/144 MP: 31/31
 43842 | Vaults:1 | Reached skill level 15 in Shields
 45526 | Vaults:2 | Noticed Xtahua
 45532 | Vaults:2 | Paralysed by Xtahua for 3 turns
 45551 | Vaults:2 | Killed Xtahua
 46300 | Vaults:3 | Found a staircase to the Crypt.
 46493 | Vaults:3 | Reached XP level 21. HP: 149/149 MP: 32/32
 48132 | Vaults:4 | Cast into level 3 of the Abyss (a deep elf demonologist)
 48249 | Vaults:4 | Escaped the Abyss
 48654 | Vaults:4 | Reached skill level 14 in Stealth
 48856 | Vaults:4 | Reached skill level 1 in Spellcasting
 49110 | Vaults:4 | Reached XP level 22. HP: 76/155 MP: 27/34
 49846 | Elf:1    | Entered Level 1 of the Elven Halls
 49893 | Elf:1    | Found a ruined gateway.
 49918 | Desolati | Entered the Desolation of Salt
 50223 | Desolati | Found the cursed +14 obsidian axe {chop, +Fly SInv *Curse}
 50236 | Desolati | Reached skill level 5 in Spellcasting
 50267 | Desolati | Identified the cursed ring "Arhum Tuola" {Str+3 Slay-2}
                  | (You found it in the Desolation of Salt)
 50268 | Desolati | Identified the Papyrus of Orientation and Moulding
 50554 | Desolati | Identified the ring "Saluis" {rN+ Stlth-} (You found it in
                  | the Desolation of Salt)
 50569 | Desolati | Identified the Guide on Spatial Lightness
 50573 | Desolati | Learned a level 1 spell: Apportation
 50577 | Desolati | Learned a level 3 spell: Lesser Beckoning
 50713 | Desolati | Found the +9 sword of Zonguldrok {reap}
 51001 | Desolati | Identified the ring of Fragile Peace {rElec rF+ rC++ rN+++
                  | Int-2}
 51002 | Desolati | Identified the +8 rapier "Quegat" {flame, Int+2 Dex+3}
 51002 | Desolati | Identified the amulet of the Prince of Darkness {Reflect
                  | rF++ rC- Str+3 SH+3}
 51387 | Elf:1    | Reached skill level 15 in Fighting
 51511 | Elf:1    | Noticed Jorgrun
 51522 | Elf:1    | Killed Jorgrun
 51747 | Elf:1    | Identified the Handbook of the Entourage
 52418 | Elf:2    | Found a runed translucent door.
 52446 | Elf:2    | Found a runed translucent door.
 52664 | Elf:2    | Reached XP level 23. HP: 148/163 MP: 35/35
 52917 | Elf:2    | Found Okeowkof's Weapon Shop.
 52950 | Elf:2    | Found a deep blue altar of Sif Muna.
 53030 | Elf:3    | Entered Level 3 of the Elven Halls
 53079 | Elf:3    | Found Xoang's Antique Weapon Shoppe.
 53553 | Elf:3    | Identified the ring "Omamaazy" {Ice rElec MR+ Str+4}
 53654 | Elf:3    | Identified the +4 short sword of Oozing Pus {vamp, Dex+4}
 53654 | Elf:3    | Identified the cursed +1 robe of Delurr {Str+8}
 53667 | Elf:3    | Identified the +6 hand axe "Xohuoluw" {vamp, MR+ Dex+4
                  | Stlth+}
 53673 | Elf:3    | Identified the +0 hand axe of Wyrd {freeze, rN+ Int+3}
 54038 | Elf:3    | Cast into level 3 of the Abyss (a deep elf sorcerer)
 54165 | Abyss:3  | Gained mutation: You are dopey. (Int -2) [a cacodemon]
 54174 | Abyss:3  | Gained mutation: You are resistant to hostile enchantments.
                  | (MR+) [a cacodemon]
 54274 | Abyss:3  | Gained mutation: Potions are less effective at restoring
                  | your health. [a neqoxec]
 54386 | Abyss:3  | Noticed an ancient lich
 54391 | Elf:3    | Escaped the Abyss
 54616 | Elf:3    | Killed an ancient lich
 54669 | Elf:3    | Identified the +1 lajatang of Vecumun {venom, rF+ rC+
                  | Stlth+}
 54866 | Elf:3    | Identified the ring of Ecviq {rElec rPois MP+9 Dex+6
                  | Stlth+}
 54973 | Elf:3    | Identified the Volume of Clay and Flight
 55025 | Elf:3    | Reached skill level 15 in Maces & Flails
 55086 | Elf:3    | Found the +0 sword of Power
 55456 | Depths:1 | Entered Level 1 of the Depths
 55494 | Depths:1 | Reached skill level 1 in Throwing
 55779 | Depths:1 | Reached XP level 24. HP: 154/170 MP: 36/36
 55899 | Depths:1 | Identified the +2 robe of Infinity {rC++ Int-3 Slay+2}
 55906 | Depths:1 | Found a gateway to Hell.
 56231 | Depths:1 | Identified the +8 halberd "Yhoqepn" {freeze, *Rage rN+
                  | SInv}
 56705 | Depths:1 | Reached skill level 15 in Stealth
 56705 | Depths:1 | Reached XP level 25. HP: 34/175 MP: 36/36
 57173 | Depths:1 | Lost mutation: You are resistant to hostile enchantments.
                  | (MR+) [potion of mutation]
 57173 | Depths:1 | Lost mutation: You are dopey. (Int -2) [potion of mutation]
 57173 | Depths:1 | Lost mutation: Your body sometimes deteriorates upon taking
                  | damage. [potion of mutation]
 57173 | Depths:1 | Lost mutation: Potions are less effective at restoring your
                  | health. [potion of mutation]
 57173 | Depths:1 | Gained mutation: You passively map a small area around you.
                  | [potion of mutation]
 57216 | Depths:1 | Found Atupe's Antique Weapon Boutique.
 57226 | Depths:1 | Reached skill level 16 in Stealth
 57301 | Depths:1 | Learned a level 3 spell: Spider Form
 57472 | Depths:1 | Found a one-way gate to the infinite horrors of the Abyss.
 57529 | Depths:2 | Reached skill level 1 in Transmutations
 57591 | Depths:2 | Found an ornate altar of the Wu Jian Council.
 57666 | Depths:2 | Found a basalt altar of Yredelemnul.
 57836 | Depths:2 | Reached skill level 17 in Stealth
 57868 | Depths:2 | Reached skill level 5 in Transmutations
 58045 | Depths:2 | Reached skill level 18 in Stealth
 58503 | Depths:2 | Found a glowing silver altar of Zin.
 58615 | Depths:2 | Reached skill level 5 in Axes
 58650 | Depths:2 | Found a hide-covered altar of Uskayaw.
 58680 | Depths:2 | Reached XP level 26. HP: 181/181 MP: 36/36
 59228 | Vaults:5 | Entered Level 5 of the Vaults
 59565 | Vaults:4 | Reached skill level 10 in Axes
 59933 | Vaults:5 | Noticed an ancient lich
 60118 | Vaults:5 | Killed an ancient lich
 60339 | Vaults:5 | Identified the +4 dire flail of the Warrior {crush, rF++
                  | Str+4}
 60391 | Vaults:5 | Noticed an ancient lich
 60399 | Vaults:5 | Killed an ancient lich
 60638 | Vaults:5 | Got a silver rune of Zot
 60659 | Vaults:5 | Learned a level 2 spell: Song of Slaying
 60790 | Vaults:5 | Identified the +7 plate armour of Siojaiz {Regen+ Int+2}
 61089 | Vaults:5 | Identified the +1 robe of Unambiguity {rF+ Str+4 Int+4}
 61152 | Vaults:5 | Reached XP level 27. HP: 189/189 MP: 36/36
 61540 | Vaults:5 | Identified Vefo's Papyrus of Frigorific Arcane Weapons
 61551 | Vaults:5 | Identified the Disquisition on Dusty Ignition
 61555 | Vaults:5 | Identified the +2 flail of the Original Sin {vamp, *Rage
                  | +Fly MR+ Dex+4} (You found it on level 5 of the Vaults)
 61677 | Crypt:1  | Entered Level 1 of the Crypt
 62245 | Crypt:1  | Upgraded the game from 0.24-a0-317-g5cb8de4 to
                  | 0.24-a0-335-g06ca16a
 62295 | Crypt:1  | Noticed Mara
 62300 | Crypt:1  | Killed Mara
 62494 | Crypt:2  | Reached skill level 1 in Summonings
 63280 | Crypt:3  | Entered Level 3 of the Crypt
 63314 | Crypt:3  | Reached skill level 5 in Summonings
 63412 | Crypt:3  | Noticed Boris
 63428 | Crypt:3  | Killed Boris
 63685 | Crypt:3  | Reached skill level 15 in Dodging
 63699 | Crypt:3  | Noticed Sojobo
 64102 | Crypt:3  | Found a staircase to the Tomb.
 64273 | Crypt:3  | Killed Sojobo
 64273 | Crypt:3  | Reached skill level 5 in Throwing
 64443 | Crypt:3  | Noticed an ancient lich
 64444 | Crypt:3  | Found an ancient bone altar of Kikubaaqudgha.
 64449 | Crypt:3  | Killed an ancient lich
 65177 | Depths:3 | Reached skill level 19 in Stealth
 65193 | Depths:3 | Found a gateway to a ziggurat.
 65265 | Zig:1    | Entered Level 1 of a ziggurat
 65284 | Zig:2    | Entered Level 2 of a ziggurat
 65310 | Zig:2    | Identified the ring "Gammups" {AC+3 Dex+6 Slay-2} (You
                  | found it on level 2 of a ziggurat)
 65320 | Zig:3    | Entered Level 3 of a ziggurat
 65540 | Zig:4    | Entered Level 4 of a ziggurat
 65586 | Zig:5    | Entered Level 5 of a ziggurat
 65592 | Zig:5    | Found the cursed +13 scythe of Curses {drain, *Curse}
 65606 | Zig:5    | Reached skill level 20 in Stealth
 65647 | Zig:6    | Entered Level 6 of a ziggurat
 65737 | Zig:6    | Identified the ring "Buume" {*Tele rElec} (You found it on
                  | level 6 of a ziggurat)
 65746 | Zig:7    | Entered Level 7 of a ziggurat
 65788 | Zig:7    | Reached skill level 21 in Stealth
 65843 | Zig:8    | Entered Level 8 of a ziggurat
 65880 | Zig:8    | Slain by a frost giant (shapeshifter)

Levels and vault maps discovered:
D:1:      dpeg_arrival_boxorama, layout_basic
D:2:      layout_loops_ring, chequers_ecumenical_altar_twisty
D:3:      layout_basic
D:4:      layout_loops_corners, lemuel_round_altar, okawaru_metal_pillars_3,
          ebering_ghost_sewer_f, gup_sewer_entry_spiral,
          nicolae_ossuary_entry_giza, feat_on_display
D:5:      layout_loops_corners, fedhas_altar_fruit_tree,
          minmay_temple_entry_wispy, hellmonk_ghost_happy_afterlife,
          first_ration, kennysheep_generic_room_14, uniq_ijyb
D:6:      minmay_evil_eye, layout_basic, basic_altar, interstate_on_off,
          lightli_corner_chamber
D:7:      layout_basic, chequers_temple_overflow_minitemple, grunt_tough_drop
D:8:      layout_loops_corners, nicolae_overflow_crystal_walls,
          marbit_many_paths, kiku_gazebo_garden_becter, basic_altar, uniq_erica,
          uniq_psyche, uniq_pikel
D:9:      layout_stronghold
D:10:     layout_rooms, due_lair_maze_entry_diamond, grunt_pizzeria,
          chequers_serial_rivers_large_b, uniq_erolcha
D:11:     layout_loops_ring, hiddenorc2_lemuel, basic_altar, hangedman_batty,
          uniq_nergalle
D:12:     layout_roguey, introduction_to_nature_1, uniq_sonja
D:13:     layout_rooms, david_vaults_1, gammafunk_ghost_split, uniq_frances,
          uniq_snorg
D:14:     hangedman_arrow_trap, layout_basic, minmay_misc_feat_hallway,
          portal_ice_cave_rime, uniq_nessos
D:15:     grunt_enter_depths_magical_seal, layout_loops_ring,
          nicolae_trove_entry_columns, chequers_jeans
Temple:   oiseaux_autumnal_temple
Lair:1:   layout_misc_corridors, gammafunk_ghost_necromancy,
          chequers_serial_rivers_room_a, grunt_megastairs_3
Lair:2:   layout_chaotic_city, swamp_mist_pool,
          minmay_snake_entry_guardpost_medium, pond, uniq_urug, uniq_gastronok
Lair:3:   layout_chaotic_city
Lair:4:   layout_cave_pods, hibernation_bobbens, uniq_kirke, uniq_josephine
Lair:5:   layout_hall_layers, minmay_slime_entry_pillars
Lair:6:   hangedman_lair_in_review, layout_layer_cave, minmay_hedge_maze,
          lookout_lair_type, uniq_rupert
Swamp:1:  layout_falls_marsh, nicolae_swamp_godswood, swamp_pool1
Swamp:2:  cheibrodos_swamp_heart_of_darkness, layout_falls_marsh,
          evilmike_swamp_ruin_house_5, uniq_nikola
Swamp:3:  layout_falls_marsh, hangedman_swamp_ruin_wall
Swamp:4:  swamp_alternative, layout_basic_swamp
Snake:1:  layout_grid_maze, uniq_aizul
Snake:2:  layout_rooms, basic_altar, uniq_vashnia
Snake:3:  layout_grid_maze, nrook_guardian_serpent_ordinary
Snake:4:  snake_pit, layout_misc_corridors, basic_altar, drop_trap
Orc:1:    layout_diamond_mine, nicolae_orc_flooded_monolith
Orc:2:    kennysheep_orc_mage_school, layout_diamond_mine, mines1_david
Elf:1:    minmay_elf_arrival_plus, layout_onion_city,
          portal_desolation_entry_nicolae_nacl, minmay_elf_demonology,
          uniq_jorgrun
Elf:2:    layout_geoelf_diagonals, serial_shops, nicolae_shop_behind_doors,
          lemuel_blue_sif_altar
Elf:3:    nooodl_elf_gasket, layout_gridlike, serial_shops, shop
Vaults:1: grunt_vaults_diagonal, nicolae_vaults_theta, nicolae_vaults_little_ls,
          vaults_dpeg_encased_lava, nicolae_vaults_network_quincunx
          [nicolae_vaults_network_quincunx_subvault,
          nicolae_vaults_network_quincunx_subvault,
          nicolae_vaults_network_quincunx_subvault,
          nicolae_vaults_network_quincunx_subvault,
          nicolae_vaults_network_quincunx_subvault],
          nicolae_vaults_little_squares_3, nicolae_vaults_network_star,
          nicolae_vaults_three_branches, v_misc_23,
          nicolae_vaults_yaktaur_gun_rack, vaults_room_semicircle,
          layout_vaults_big_cross
Vaults:2: hangedman_vaults_stitches, vaults_dpeg_spiral, v_misc_16, v_misc_28,
          vaults_dpeg_ring, nicolae_vaults_mini_display_case, vaults_room_pools,
          nicolae_vaults_theta, v_pattern_1, v_misc_5, layout_vaults_big_room,
          uniq_xtahua
Vaults:3: vaults_mumra_hexcomb, ontoclasm_vaults_pinch,
          minmay_crypt_entry_simple_plaza, nicolae_vaults_circle_grid_a,
          vaults_room_grunt_arrival_checkpoint, v_misc_8, v_misc_16,
          ontoclasm_vaults_idyll, vaults_standard_mumra_x,
          layout_vaults_quadrants
Vaults:4: ontoclasm_vaults_ring_small, hangedman_vaults_restitches,
          nicolae_vaults_network_barrier, v_misc_28, v_misc_10, v_misc_4,
          v_misc_15, v_misc_12, nicolae_vaults_diagonal_hallway_8,
          vaults_room_stairs_pillars, v_misc_19, ontoclasm_vaults_hangar,
          layout_vaults_omnibox
Vaults:5: serial_shops
Crypt:1:  layout_misc_corridors, grunt_crypt_arrival_guarded_gate, uniq_mara
Crypt:2:  layout_chaotic_city, grunt_megastairs_2
Crypt:3:  cryptofortress_bobbens, uniq_boris, uniq_sojobo
Depths:1: layout_long_grid, hangedman_decor_lopped,
          grunt_hell_entry_demonic_statue, abyss_entry, serial_shops,
          shop_statue, st_stairs_9, nrook_kobold_shadow_demons
Depths:2: grunt_profane_halls [grunt_profane_temple_coc,
          grunt_profane_temple_geh, grunt_profane_temple_tar,
          grunt_profane_temple_dis, grunt_profane_loot], abyss_entry, hell_entry
Depths:3: evilmike_hourglass, layout_basic, enter_ziggurat_e, abyss_entry,
          pf_dread_powers_of_hell, grunt_pan_entry_zigzag,
          serial_sigils_hangedman_shear, uniq_bai_suzhen
Zig:8

Skill      XL: |  1  2  3  4  5  6  7  8  9 10 11 12 13 14 15 16 17 18 19 20 21 22 23 24 25 26 27 |
---------------+----------------------------------------------------------------------------------+-----
Maces & Flails | 3 4 5 6 7 9 10 11 12 13 14 15 | 15.4
Fighting       | 4 5 6 7 8 9 10 11 12 13 14 15 17 | 17.1
Stealth        | 1 3 4 9 10 12 13 14 15 18 21 | 21.7
Dodging        | 4 5 6 7 8 9 11 12 13 15 | 15.2
Shields        | 4 5 9 10 12 13 14 17 19 20 | 20.0
Evocations     | 1 5 7 8 |  8.8
Invocations    | 4 6 8 9 11 12 13 14 15 16 17 18 19 | 19.9
Translocations | 2 5 6 8 9 |  9.5
Charms         | 3 8 9 |  9.7
Ice Magic      | 3 8 9 |  9.7
Conjurations   | 3 |  3.3
Spellcasting   | 3 5 |  5.5
Throwing       | 2 4 5 |  5.3
Transmutations | 6 |  6.8
Axes           | 6 13 14 | 14.2
Summonings     | 8 |  8.1

Action                   |  1- 3 |  4- 6 |  7- 9 | 10-12 | 13-15 | 16-18 | 19-21 | 22-24 | 25-27 || total
-------------------------+-------+-------+-------+-------+-------+-------+-------+-------+-------++-------
Melee: Flail             |    65 |    91 |   285 |   591 |   985 |   502 |       |       |       ||  2519
       Constrict         |    18 |    21 |    61 |    81 |   140 |   113 |   144 |   238 |   254 ||  1070
       Tentacles         |     7 |    17 |    59 |   213 |   460 |   579 |   767 |   595 |   925 ||  3622
       Whip              |       |       |       |       |       |   813 |  1602 |  1205 |  1047 ||  4667
       Demon whip        |       |       |       |       |       |       |       |       |   805 ||   805
Throw: Javelin           |       |       |       |       |    17 |     9 |       |       |     2 ||    28
 Cast: Blink             |       |       |       |       |     4 |     7 |     3 |     2 |     5 ||    21
       Ozocubu's Armour  |       |       |       |       |       |    30 |    15 |    23 |    15 ||    83
       Magic Dart        |       |       |       |       |       |     4 |    54 |    92 |    38 ||   188
       Lesser Beckoning  |       |       |       |       |       |       |       |    43 |    20 ||    63
       Apportation       |       |       |       |       |       |       |       |     4 |     5 ||     9
Invok: Slouch            |       |       |       |     4 |     8 |    10 |     4 |     8 |     7 ||    41
       Bend Time         |       |       |       |       |       |     1 |     2 |     1 |     1 ||     5
       Step From Time    |       |       |       |       |       |       |     2 |     1 |     2 ||     5
Evoke: Wand              |       |       |     3 |    24 |    25 |    46 |    19 |    21 |     3 ||   141
  Use: Scroll            |     7 |     3 |    10 |    11 |    10 |    17 |    12 |    20 |    10 ||   100
       Potion            |       |     3 |     2 |     7 |     7 |     8 |     7 |    11 |     9 ||    54
 Stab: Sleeping          |     5 |     8 |    24 |    16 |    49 |    56 |    20 |    36 |    44 ||   258
       Distracted        |     1 |       |     2 |     1 |     5 |     7 |     6 |     6 |    13 ||    41
       Confused          |       |       |       |     1 |       |     3 |       |       |       ||     4
       Paralysed         |       |       |       |     1 |       |       |       |       |       ||     1
       Petrified         |       |       |       |       |     3 |       |       |       |       ||     3
  Eat: Ration            |     1 |     1 |     3 |     3 |     5 |     6 |     4 |     4 |     7 ||    34
       Chunk             |       |     2 |     4 |     6 |     7 |     9 |    10 |     6 |     2 ||    46
Armor: Skin              |     4 |     5 |     3 |     2 |    12 |    29 |    23 |    28 |    30 ||   136
Dodge: Dodged            |    21 |    36 |    77 |   135 |   253 |   506 |   508 |   464 |   603 ||  2603
Block: Shield            |    21 |    31 |    69 |       |       |       |       |       |       ||   121
       Large shield      |       |       |   124 |   715 |  1120 |  1623 |  1944 |  1362 |  2401 ||  9289
       Reflection        |       |       |       |       |       |       |       |     7 |    85 ||    92

Table legend:
 A = Non-vault XP
 B = Vault XP
 C = Vault XP percentage of total XP
 D = Non-vault monster count
 E = Vault monster count
 F = Vault count percentage of total count
                 A         B        C        D         E       F
            +---------+---------+-------+---------+---------+-------
      Total |  654352 |  681736 |  51.0 |    1510 |     946 |  38.5
            +---------+---------+-------+---------+---------+-------
        D:1 |      49 |       0 |   0.0 |      26 |       0 |   0.0
        D:2 |      21 |       0 |   0.0 |       9 |       0 |   0.0
        D:3 |     109 |       0 |   0.0 |      33 |       0 |   0.0
        D:4 |     502 |     397 |  44.2 |      16 |      15 |  48.4
        D:5 |     204 |      84 |  29.2 |      12 |       2 |  14.3
        D:6 |    1069 |     327 |  23.4 |      23 |       5 |  17.9
        D:7 |    1469 |       0 |   0.0 |      33 |       0 |   0.0
        D:8 |    1769 |    1987 |  52.9 |      14 |       4 |  22.2
        D:9 |    3762 |       0 |   0.0 |      32 |       0 |   0.0
       D:10 |    1650 |    2357 |  58.8 |      24 |      11 |  31.4
       D:11 |    2819 |    4732 |  62.7 |      39 |      46 |  54.1
       D:12 |    8065 |    2994 |  27.1 |      49 |      20 |  29.0
       D:13 |    6245 |    9025 |  59.1 |      19 |      10 |  34.5
       D:14 |    7702 |    2042 |  21.0 |      25 |       3 |  10.7
       D:15 |   13244 |    3990 |  23.2 |      32 |       8 |  20.0
     Lair:1 |    3257 |     288 |   8.1 |      15 |       2 |  11.8
     Lair:2 |    4347 |    4429 |  50.5 |      20 |      13 |  39.4
     Lair:3 |    4131 |       0 |   0.0 |      21 |       0 |   0.0
     Lair:4 |    6706 |    4135 |  38.1 |      30 |       7 |  18.9
     Lair:5 |    3818 |     626 |  14.1 |      17 |       4 |  19.0
     Lair:6 |   16006 |   14613 |  47.7 |      41 |      22 |  34.9
    Swamp:1 |   12956 |       0 |   0.0 |      35 |       0 |   0.0
    Swamp:2 |   11826 |    4315 |  26.7 |      28 |       1 |   3.4
    Swamp:3 |   16857 |       0 |   0.0 |      35 |       0 |   0.0
    Swamp:4 |   14370 |   15779 |  52.3 |      43 |      22 |  33.8
    Snake:1 |   12900 |    1669 |  11.5 |      22 |       1 |   4.3
    Snake:2 |   24288 |    7339 |  23.2 |      39 |       4 |   9.3
    Snake:3 |   28820 |    2222 |   7.2 |      58 |       6 |   9.4
    Snake:4 |   37645 |   30217 |  44.5 |      59 |      41 |  41.0
      Orc:1 |    6189 |       0 |   0.0 |      49 |       0 |   0.0
      Orc:2 |    2062 |    7274 |  77.9 |      12 |      34 |  73.9
      Elf:1 |   17462 |   13058 |  42.8 |      28 |      18 |  39.1
      Elf:2 |   11326 |   24128 |  68.1 |      19 |      30 |  61.2
      Elf:3 |   17976 |   61327 |  77.3 |      17 |      43 |  71.7
   Vaults:1 |   28990 |   10314 |  26.2 |      60 |      16 |  21.1
   Vaults:2 |   21740 |   22355 |  50.7 |      34 |      25 |  42.4
   Vaults:3 |   37419 |   18536 |  33.1 |      67 |      18 |  21.2
   Vaults:4 |   55722 |   27875 |  33.3 |      84 |      34 |  28.8
   Vaults:5 |   25141 |  114727 |  82.0 |      37 |      74 |  66.7
    Crypt:1 |   34347 |    7850 |  18.6 |      53 |       1 |   1.9
    Crypt:2 |   28097 |    2014 |   6.7 |      33 |       2 |   5.7
    Crypt:3 |       0 |   83423 | 100.0 |       0 |      96 | 100.0
   Depths:1 |   55170 |   11830 |  17.7 |      70 |      29 |  29.3
   Depths:2 |    8156 |  102060 |  92.6 |      13 |     103 |  88.8
   Depths:3 |   11580 |       0 |   0.0 |      15 |       0 |   0.0
    Abyss:3 |    9364 |       0 |   0.0 |      24 |       0 |   0.0
      Zig:1 |    1310 |       0 |   0.0 |       1 |       0 |   0.0
      Zig:2 |    2980 |       0 |   0.0 |       3 |       0 |   0.0
      Zig:3 |    1563 |       0 |   0.0 |       4 |       0 |   0.0
      Zig:4 |    5613 |       0 |   0.0 |       4 |       0 |   0.0
      Zig:5 |    5228 |       0 |   0.0 |       9 |       0 |   0.0
      Zig:6 |    5284 |       0 |   0.0 |      10 |       0 |   0.0
      Zig:7 |   10279 |       0 |   0.0 |      10 |       0 |   0.0
      Zig:8 |    4748 |       0 |   0.0 |       5 |       0 |   0.0
      Sewer |       0 |     360 | 100.0 |       0 |      24 | 100.0
    Ossuary |       0 |     537 | 100.0 |       0 |      13 | 100.0
      IceCv |       0 |   12448 | 100.0 |       0 |      46 | 100.0
 Desolation |       0 |   48053 | 100.0 |       0 |      93 | 100.0
            +---------+---------+-------+---------+---------+-------
